 Dungeon Crawl Stone Soup version 0.30-a0-170-g85af917532 (webtiles) character file.

Game seed: 15014624314388004444

72 jimonade the Cutter (level 4, -2/26 HPs)
             Began as a Kobold Brigand on Sept 30, 2022.
             Killed from afar by Sigmund (10 damage)
             ... with a puff of flame
             ... on level 2 of the Dungeon.
             The game lasted 00:03:09 (2813 turns).

jimonade the Cutter (Kobold Brigand)                Turns: 2813, Time: 00:03:10

Health: -2/26      AC:  5    Str:  8    XL:     4   Next: 50%
Magic:  4/4        EV: 13    Int: 14    God:
Gold:   120        SH:  5    Dex: 18    Spells: 3/3 levels left

rFire   . . .      SeeInvis +    a - +2 dagger
rCold   . . .      Faith    .    (no shield)
rNeg    . . .      Spirit   .    t - +1 leather armour of Sosazxon {Int+2 SInv}
rPois   .          Reflect  +    (no helmet)
rElec   .          Harm     .    c - +0 cloak
rCorr   .          Rampage  .    (no gloves)
Will    .....                    (no boots)
Stlth   ++++......               k - amulet of reflection
HPRegen 0.08/turn                (no ring)
MPRegen 0.09/turn                (no ring)

@: no status effects
A: small, no large weapons, nightstalker 3
a: no special abilities


You were on level 2 of the Dungeon.
You visited 1 branch of the dungeon, and saw 2 of its levels.

You collected 120 gold pieces.

Inventory:

Hand Weapons
 a - a +2 dagger (weapon)
 i - a +0 long sword
 m - a +0 sling
Missiles
 d - 4 poisoned darts (quivered)
 e - 3 curare-tipped darts
Armour
 b - a +0 robe
 c - a +0 cloak (worn)
 g - a +0 leather armour
 l - a +0 ring mail
 t - the +1 leather armour of Sosazxon (worn) {Int+2 SInv}
   (You found it on level 2 of the Dungeon)

   Int:       It affects your intelligence (+2).
   SInv:      It lets you see invisible.
 v - a +0 pair of boots
Jewellery
 k - an amulet of reflection (around neck)
Scrolls
 h - a scroll of blinking {unknown}
 j - 2 scrolls of identify {unknown}
 o - a scroll of fear {unknown}
 q - a scroll of magic mapping {unknown}
 s - a scroll of summoning {unknown}
Potions
 f - a potion of mutation {unknown}
 n - 2 potions of degeneration {unknown}
 p - a potion of attraction {unknown}
 r - a potion of lignification {unknown}
 u - a potion of heal wounds {unknown}


   Skills:
 - Level 2.1 Fighting
 + Level 5.9 Short Blades
 - Level 2.1 Throwing
 - Level 1.2 Dodging
 - Level 5.3 Stealth


You had 3 spell levels left.
You didn't know any spells.
Your spell library contained the following spells:

 Spells                   Type           Power      Damage    Failure   Level
 Slow                     Hex            0%         N/A       38%         1
 Confusing Touch          Hex            0%         N/A       77%         3
 Vampiric Draining        Necr           0%         2d6       77%         3


Dungeon Overview and Level Annotations

Branches:
Dungeon (2/15)

Altars:
Dithmenos

Shops:
D:2 [

Annotations:
D:2 Sigmund


Innate Abilities, Weirdness & Mutations

You are small and have problems with some larger weapons.
You are completely attuned to the shadows.


Message History

Press: ? - help, Q - select action, (/) - cycle Shift-Dir - straight line, f/p - Sigmund
Aim: Sigmund, wielding a +0 scythe and wearing a +0 robe (lightly wounded, poisoned, 60% to hit)
You throw a poisoned dart. The poisoned dart hits Sigmund.
Sigmund is lightly wounded.
Sigmund barely misses you.
You completely miss Sigmund.
Sigmund is moderately wounded.
You hit Sigmund.
Sigmund is moderately wounded.
Sigmund gestures at you while chanting. The magic dart hits you.
You hit Sigmund.
Sigmund is moderately wounded.
Sigmund looks more healthy.
Sigmund hits you with a +0 scythe.
You hit Sigmund.
Sigmund is heavily wounded.
You hit Sigmund.
Sigmund is heavily wounded.
Sigmund misses you.
You hit Sigmund.
Sigmund is severely wounded.
You barely miss Sigmund.
Sigmund is severely wounded.
Sigmund's eyes start glowing with a red light.
Sigmund barely misses you.
You closely miss Sigmund.
Sigmund is severely wounded.
You hit Sigmund.
Sigmund is almost dead.
Sigmund is suddenly surrounded by pale blue light.
Sigmund points at you and mumbles some strange words.
The puff of flame hits you!
You barely miss Sigmund.
Sigmund is severely wounded.
You hit Sigmund.
Sigmund is almost dead.
Sigmund giggles. "Time to reap what you sow."
Sigmund gestures at you while chanting. The puff of flame hits you!
You die...

..#..#.<......##.#
..#..#..#####.##.#
..#..#....# #.##.#
#.#..#.##.# #.##.#
#.#.......# #.##.#
#.##.#.######.##.#
#....#(# ......#
######.# .#....#
#.# ####@# #.# #@#
######.# #(#
.......# .(#
######## ###


You could see Sigmund.

Vanquished Creatures
  A gnoll (D:2)
  2 adders (D:2)
  3 worms (D:2)
  4 ball pythons
  A bat (D:2)
  3 endoplasms (D:2)
  3 giant cockroaches
  3 hobgoblins
  A frilled lizard (D:2)
  6 goblins
  3 kobolds (D:2)
  6 rats
36 creatures vanquished.

Notes
Turn   | Place    | Note
-------+----------+-------------------------------------------
     0 | D:1      | jimonade the Kobold Brigand began the quest for the Orb.
     0 | D:1      | Reached XP level 1. HP: 12/12 MP: 1/1
   366 | D:1      | Reached XP level 2. HP: 17/17 MP: 2/2
  1432 | D:2      | Reached XP level 3. HP: 18/21 MP: 3/3
  1739 | D:2      | Found a shadowy altar of Dithmenos.
  1847 | D:2      | Reached skill level 5 in Short Blades
  1885 | D:2      | Identified the +1 leather armour of Sosazxon {Int+2 SInv}
  1897 | D:2      | Found Xebbauz's Armour Emporium.
  1916 | D:2      | Reached XP level 4. HP: 26/26 MP: 4/4
  2782 | D:2      | Noticed Sigmund
  2813 | D:2      | Killed from afar by Sigmund

Illustrated notes

Levels and vault maps discovered:
D:1:      mrwooster_arrival_statue_3, layout_basic
D:2:      layout_basic, basic_altar, serial_shops, nicolae_diamond_shop,
          uniq_sigmund

Skill      XL: |  1  2  3 |
---------------+----------+-----
Short Blades   | 3 4 5 |  5.9
Fighting       | |  2.1
Throwing       | |  2.1
Dodging        | |  1.2
Stealth        | |  5.3

Action                   |  1- 3 |  4- 6 || total
-------------------------+-------+-------++-------
Melee: Dagger            |    60 |    43 ||   103
       Punch             |     3 |     1 ||     4
Throw: Dart              |       |     6 ||     6
 Stab: Sleeping          |    11 |     5 ||    16
Armor: Leather armour    |     2 |     1 ||     3
       Ring mail         |     7 |     2 ||     9
Dodge: Dodged            |    17 |    12 ||    29
Block: Other             |     5 |     1 ||     6

Table legend: (Time is in decaauts)
 A = Elapsed time spent in this place.
 B = Non-inter-level travel time spent in this place.
 C = Inter-level travel time spent in this place.
 D = Time resting spent in this place.
 E = Time spent auto-exploring this place.
 F = Levels seen in this place.
 G = Mean time per level.
                   A        B        C        D        E       F      G
               +--------+--------+--------+--------+--------+-----+--------+
         Total |   2788 |   2605 |    183 |      0 |   2100 |   2 | 1394.0 |
       Dungeon |   2788 |   2605 |    183 |      0 |   2100 |   2 | 1394.0 |
               +--------+--------+--------+--------+--------+-----+--------+

Top non-repeatable levels by time:
     D:2: 1608 daAuts
     D:1: 1180 daAuts
